 Dungeon Crawl Stone Soup version 0.30.1-3-gfc49f6343a (webtiles) character file.

Game seed: 14613271026426679464

2380 sampeng1 the Covered (level 9, 0/69 HPs)
             Began as a Human Fighter on July 31, 2023.
             Was a Believer of Okawaru.
             Slain by a killer bee (1 damage)
             ... on level 7 of the Dungeon.
             The game lasted 00:22:32 (6621 turns).

sampeng1 the Covered (Human Fighter)                Turns: 6621, Time: 00:22:32

Health: 0/69       AC: 16    Str: 19 (21) XL:     9   Next: 73%
Magic:  9/9        EV:  7    Int:  8 (9)  God:    Okawaru [**....]
Gold:   374        SH:  5    Dex: 12      Spells: 8/8 levels left

rFire   + . .        a - +1 war axe
rCold   . . .        c - +0 buckler
rNeg    . . .        r - +0 plate armour
rPois   .            g - +0 helmet
rElec   .            e - +0 cloak
rCorr   .            (no gloves)
SInv    +            v - +0 pair of boots
Will    .....        (no amulet) Stlth
                     k - ring of see invisible
HPRegen 0.31/turn    (no ring)
MPRegen 0.11/turn

%: clarity
@: lethally poisoned (0 -> -20), hasted, very quick
A: clarity, deterioration 1, fire resistance 1, wild magic 1
a: Renounce Religion, Heroism


You were on level 7 of the Dungeon.
You worshipped Okawaru.
Okawaru was pleased with you.
You visited 2 branches of the dungeon, and saw 8 of its levels.

You collected 374 gold pieces.

Inventory:

Hand Weapons
 a - a +1 war axe (weapon)
 j - a +5 flail of holy wrath
Missiles
 i - 5 boomerangs (quivered)
 s - 7 javelins
 y - 2 atropa-tipped darts
 B - a curare-tipped dart
Armour
 c - a +0 buckler (worn)
 e - a +0 cloak (worn)
 g - a +0 helmet (worn)
 r - a +0 plate armour (worn)
 v - a +0 pair of boots (worn)
Jewellery
 d - a ring of fire
 k - a ring of see invisible (left hand)
 x - a ring of see invisible
Wands
 t - a wand of mindburst (18)
 z - a wand of flame (51)
Scrolls
 b - a scroll of noise
 o - a scroll of blinking
 p - 2 scrolls of fog
 q - a scroll of amnesia {unknown}
 u - a scroll of silence
 w - 2 scrolls of fear
 A - a scroll of acquirement {unknown}
 D - 3 scrolls of torment
 F - a scroll of identify
 G - a scroll of magic mapping
Potions
 h - a potion of haste
 l - a potion of lignification
 m - a potion of brilliance
 n - a potion of curing
 C - 2 potions of flight
 E - 2 potions of berserk rage {unknown}


   Skills:
 + Level 6.3 Fighting
 + Level 5.1(5.5) Axes
 - Level 2.8(4.3) Maces & Flails
 + Level 6.3 Armour
 + Level 4.9 Dodging
 + Level 6.3 Shields


You had 8 spell levels left.
You didn't know any spells.
Your spell library was empty.

Dungeon Overview and Level Annotations

Branches:
Dungeon (7/15)             Temple (1/1) D:4

Altars:
Ashenzari
Cheibriados
Dithmenos
Fedhas
Gozag
Kikubaaqudgha
Makhleb
Nemelex Xobeh
Okawaru
Qazlal
Ru
Sif Muna
Trog
Uskayaw
Vehumet
Wu Jian
Xom
Yredelemnul
Zin
The Shining One


Innate Abilities, Weirdness & Mutations

You possess an exceptional clarity of mind.
Your body sometimes deteriorates upon taking damage.
Your flesh is heat resistant. (rF+)
Your spells are a little harder to cast, but a little more powerful.


Message History

You feel extremely sick. The killer bee completely misses you.
The killer bee stings you but does no damage.
The killer bee stings you.
* * * LOW HITPOINT WARNING * * *
The killer bee stings you but does no damage.
You feel better.
The killer bee stings you but does no damage. x2
You block the killer bee's attack. x2
You feel much better.
The killer bee stings you but does no damage.
The killer bee stings you.
The killer bee stings you but does no damage.
The killer bee stings you.
You feel yourself speed up. The killer bee barely misses you.
The killer bee closely misses you. The killer bee stings you!
* * * LOW HITPOINT WARNING * * *
Your body deteriorates!
You feel weakened.
You are poisoned.
The killer bee poisons you! The killer bee stings you.
* * * LOW HITPOINT WARNING * * *
You are lethally poisoned!
The killer bee poisons you!
You closely miss the killer bee.
The killer bee is lightly wounded.
You slash the killer bee!
You kill the killer bee!
Okawaru accepts your kill.
* * * LOW HITPOINT WARNING * * *
You feel very sick.
The killer bee stings you but does no damage.
The killer bee stings you.
* * * LOW HITPOINT WARNING * * *
You are more poisoned.
The killer bee poisons you!
You miss the killer bee.
The killer bee is lightly wounded.
* * * LOW HITPOINT WARNING * * *
You feel very sick. The killer bee stings you.
You die...

### #
..#.#..
##.......
#@y......
##....:..
.......
#..>...
#.###. ##


You could see a killer bee.

Vanquished Creatures
  The ghost of dylex the Cudgeller, a novice MeRe (D:4)
  Grinder (D:5)
  Edmund (D:4)
  Duvessa (D:5)
  2 ice beasts
  A sky beast (D:4)
  An ogre (D:6)
  A centaur (D:5)
  A kobold brigand (D:5)
  5 scorpions
  Dowan (D:5)
  3 killer bees (D:7)
  A jelly (D:5)
  2 orc priests (D:6)
  3 iguanas
  A sleepcap (D:4)
  Natasha (twice) (D:2)
  4 orc wizards
  A centaur simulacrum (D:4)
  A scorpion simulacrum (D:4)
  4 gnolls (D:4)
  9 adders
  2 hound simulacra (D:4)
  A shadow imp (D:5)
  An ufetubus (D:5)
  2 worms
  2 dart slugs
  An adder simulacrum (D:4)
  12 orcs
  7 ball pythons
  10 endoplasms
  2 giant cockroaches
  5 goblins
  2 hobgoblins
  10 jackals
  3 quokkas
  8 bats
  3 frilled lizards
  12 kobolds
  9 rats
139 creatures vanquished.

Vanquished Creatures (others)
  A scorpion (D:5)
1 creature vanquished.

Grand Total: 140 creatures vanquished

Notes
Turn   | Place    | Note
-------+----------+-------------------------------------------
     0 | D:1      | sampeng1 the Human Fighter began the quest for the Orb.
     0 | D:1      | Reached XP level 1. HP: 18/18 MP: 1/1
   173 | D:1      | Reached XP level 2. HP: 24/24 MP: 2/2
   558 | D:1      | Reached XP level 3. HP: 29/29 MP: 3/3
  1069 | D:2      | Noticed Natasha
  1075 | D:2      | Killed Natasha
  1076 | D:2      | Reached XP level 4. HP: 19/35 MP: 4/4
  1501 | D:2      | Noticed Natasha
  1517 | D:2      | Killed Natasha
  1518 | D:2      | Reached XP level 5. HP: 39/42 MP: 5/5
  1789 | D:3      | Found a faded altar of an unknown god.
  2187 | D:3      | Gained mutation: Your muscles are strong. (Str +4, Int/Dex
                  | -1) [potion of mutation]
  2187 | D:3      | Gained mutation: Your body sometimes deteriorates upon
                  | taking damage. [potion of mutation]
  2187 | D:3      | Gained mutation: Your body often deteriorates upon taking
                  | damage. [potion of mutation]
  2259 | D:4      | Reached skill level 1 in Dodging
  2259 | D:4      | Reached XP level 6. HP: 28/48 MP: 6/6
  2415 | D:4      | Found a staircase to the Ecumenical Temple.
  2450 | Temple   | Entered the Ecumenical Temple
  2643 | Temple   | Became a worshipper of Warmaster Okawaru
  2682 | D:4      | Found a runed translucent gate.
  2682 | D:4      | Found a runed translucent gate.
  2682 | D:4      | Found a runed translucent gate.
  2705 | D:4      | Noticed dylex's ghost (novice MeRe)
  2705 | D:4      | Noticed an ice beast
  2718 | D:4      | Killed an ice beast
  2719 | D:4      | Reached XP level 7. HP: 28/54 MP: 7/7
  2726 | D:4      | Killed dylex's ghost
  2726 | D:4      | Reached * piety under Okawaru
  2957 | D:4      | Reached XP level 8. HP: 43/61 MP: 8/8
  3071 | D:4      | Reached skill level 5 in Armour
  3163 | D:4      | Noticed Edmund
  3177 | D:4      | Reached skill level 5 in Shields
  3177 | D:4      | HP: 1/61 [Edmund/+5 flail of holy wrath (11)]
  3179 | D:4      | Killed Edmund
  3180 | D:4      | Reached skill level 5 in Fighting
  3738 | D:5      | Entered Level 5 of the Dungeon
  3830 | D:5      | Noticed Duvessa
  3833 | D:5      | Noticed Dowan
  3842 | D:5      | Killed Duvessa
  3843 | D:5      | Reached skill level 1 in Maces & Flails
  3865 | D:5      | Killed Dowan
  3938 | D:5      | Noticed Grinder
  3938 | D:5      | Noticed a +0 dagger
  3939 | D:5      | Found a hide-covered altar of Uskayaw.
  3939 | D:5      | Noticed a +0 hand axe
  3943 | D:5      | Paralysed by Grinder for 5 turns
  3957 | D:5      | Paralysed by Grinder for 5 turns
  3962 | D:5      | Killed Grinder
  3962 | D:5      | Reached ** piety under Okawaru
  3963 | D:5      | Reached XP level 9. HP: 42/68 MP: 9/9
  4831 | D:5      | Lost mutation: Your muscles are strong. (Str +4, Int/Dex
                  | -1) [potion of mutation]
  4831 | D:5      | Lost mutation: Your body often deteriorates upon taking
                  | damage. [potion of mutation]
  4831 | D:5      | Gained mutation: Your spells are a little harder to cast,
                  | but a little more powerful. [potion of mutation]
  4831 | D:5      | Gained mutation: You possess an exceptional clarity of
                  | mind. [potion of mutation]
  4831 | D:5      | Gained mutation: Your flesh is heat resistant. (rF+)
                  | [potion of mutation]
  5368 | D:6      | Found a radiant altar of Vehumet.
  5577 | D:6      | Identified the +10 quarterstaff of Gyxaet {holy, Fly rPois
                  | rC- Str+2}
  5809 | D:6      | Reached skill level 5 in Axes
  6463 | D:6      | Found a shimmering blue altar of Sif Muna.
  6621 | D:7      | HP: 1/69 [poisoned by a killer bee]
  6621 | D:7      | Slain by a killer bee

Illustrated notes

Levels and vault maps discovered:
D:1:      lemuel_arrival_broad_hall, layout_loops_ring
D:2:      layout_basic, ebering_dispersal_statue_hall, uniq_natasha
D:3:      layout_rooms, hellmonk_ecumenical_altar_lost_god
D:4:      layout_gridville, temple_fountains, gammafunk_ghost_icy, uniq_edmund
D:5:      layout_basic, dancing_weapons_uskayaw, serial_bayou,
          serial_bayou_lagoon_b, serial_bayou_ford_a, serial_bayou_shore_a,
          serial_bayou_crossing, st_stairs_11, uniq_grinder, uniq_duvessa
D:6:      layout_layer_cave, lemuel_blue_sif_altar, mainiacjoe_overflow_24_doors
D:7:      layout_cave_pools, serial_shops, nicolae_shop_stone, shop, shop,
          uniq_maggie
Temple:   bh_familiar_temple

Skill      XL: |  1  2  3  4  5  6  7  8  9 |
---------------+----------------------------+-----
Axes           | 3 4 5 |  5.1
Fighting       | 4 5 6 |  6.3
Armour         | 4 5 6 |  6.3
Dodging        | 1 2 4 |  4.9
Shields        | 4 5 6 |  6.3
Maces & Flails | 2 |  2.8

Action                     |  1- 3 |  4- 6 |  7- 9 || total
---------------------------+-------+-------+-------++-------
  Melee: War axe           |    71 |   130 |   130 ||   331
         Flail             |       |       |   123 ||   123
  Throw: Throwing net      |       |     1 |       ||     1
 Invoke: Heroism           |       |       |     3 ||     3
    Use: Scroll            |     4 |     7 |     8 ||    19
         Potion            |     1 |     6 |     8 ||    15
 Armour: Scale mail        |    17 |       |       ||    17
         Chain mail        |    29 |    98 |       ||   127
         Plate armour      |       |    24 |   308 ||   332
  Dodge: Dodged            |    44 |    65 |   185 ||   294
  Block: Buckler           |    15 |    46 |   109 ||   170
